 Dungeon Crawl Stone Soup version bcrawl-1.32 (webtiles) character file.

Game seed: 15355575053943430567

204549 Morbidden the Caller (level 8, 0/74 HPs)
             Began as a Troll Summoner on July 4, 2021.
             Was an Initiate of Yredelemnul.
             Slain by an ogre
             ... wielding a +0 giant spiked club
              (28 damage)
             ... on level 7 of the Dungeon on July 5, 2021.
             The game lasted 00:11:30 (6879 turns).

Morbidden the Caller (Troll Summoner)               Turns: 6879, Time: 00:11:31

Health: 0/74       AC:  7    Str: 17    XL:     8   Next: 64%
Magic:  11/14      EV: 10    Int: 14    God:    Yredelemnul [......]
Gold:   413        SH:  0    Dex: 10    Spells: 11/17 levels left

rFire    . . .     SeeInvis .     - Claws (16.2)
rCold    . . .     Gourm    +   (no shield)
rNeg     . . .     Faith    .   (armour unavailable)
rPois    +         Spirit   .   (helmet restricted)
rElec    .         Reflect  .   (no cloak)
rCorr    .         Harm     .   (gloves unavailable)
MR       .....                  (boots unavailable)
Stlth    +++.......             m - amulet of the acrobat
HPRegen  0.62/turn              u - ring of stealth
MPRegen  0.14/turn              p - ring of poison resistance

@: lightly drained
A: large, almost no armour, claws 3, fast metabolism 3, gourmand, regeneration
1, AC +7
a: Renounce Religion


You were on level 7 of the Dungeon.
You worshipped Yredelemnul.
Yredelemnul was noncommittal.
You were completely stuffed.

You visited 2 branches of the dungeon, and saw 8 of its levels.

You collected 413 gold pieces.

Inventory:

Missiles
 d - 48 javelins (quivered)
 o - 147 poisoned tomahawks
Jewellery
 m - an amulet of the acrobat (around neck)
 p - a ring of poison resistance (right claw)
 u - a ring of stealth (left claw)
Wands
 w - a wand of polymorph (3)
 x - a wand of enslavement (14)
Scrolls
 b - a scroll of summoning
 c - 3 scrolls of remove curse {unknown}
 f - 2 scrolls of noise {unknown}
 g - a scroll of fog {unknown}
 i - a scroll of identify
 j - 2 scrolls of enchant armour {unknown}
 l - 3 scrolls of teleportation {unknown}
 n - a scroll of fear {unknown}
 r - a scroll of amnesia {unknown}
 v - 2 scrolls of immolation {unknown}
 y - a scroll of enchant weapon {unknown}
Potions
 a - a potion of flight {unknown}
 h - 2 potions of degeneration {unknown}
 k - 2 potions of mutation {unknown}
 q - a potion of magic {unknown}
 s - a potion of ambrosia {unknown}
 t - a potion of heal wounds {unknown}
 z - a potion of brilliance {unknown}
 B - 2 potions of lignification {unknown}
Comestibles
 e - 5 rations {!d}
 A - 6 chunks of flesh


   Skills:
 * Level 2.8(2.5) Fighting
 + Level 2.4(2.2) Dodging
 + Level 1.5(1.3) Stealth
 * Level 4.2(4.0) Unarmed Combat
 * Level 5.2(5.0) Spellcasting
 * Level 5.3(5.0) Summonings
 * Level 0.7(0.5) Invocations


You had 11 spell levels left.
You knew the following spells:

 Your Spells              Type           Power        Failure   Level  Hunger
a - Summon Small Mammal   Summ           ###.         2%          1    None
b - Call Imp              Summ           ###...       3%          2    None
c - Call Canine Familiar  Summ           ###.....     7%          3    ###....

Your spell library contained the following spells:

 Spells                   Type           Power        Failure   Level  Hunger
 Summon Ice Beast         Ice/Summ       ##......     52%         4    #####..
 Summon Lightning Spire   Summ/Air       ##......     86%         5    ######.


Dungeon Overview and Level Annotations

Branches:
Dungeon (7/12)             Temple (1/1) D:6
   Lair: D:7-9

Altars:
Fedhas
Gozag
Hepliaklqana
Lugonu
Makhleb
Nemelex Xobeh
Qazlal
Ru
Vehumet
Wu Jian
Xom
Yredelemnul
Zin

Shops:
D:4 ?

Portals:
Abyss: D:5


Innate Abilities, Weirdness & Mutations

You cannot wear most types of armour.
Your thick skin is tough. (AC +7)
You are too large for most types of armour.
You have claws for hands.
Your metabolism is lightning-fast.
You like to eat raw meat.
Your natural rate of healing is unusually fast.


Message History

The ogre barely misses your hound.
You barely miss the ogre.
The ogre is moderately wounded.
Your hound barely misses the ogre. x2
You claw the ogre!
The ogre is severely wounded.
The ogre hits you with a +0 giant spiked club!!
The ogre hits your hound with a +0 giant spiked club!
The crimson imp hits you but does no damage.
Your hound bites the ogre.
A jackal comes into view.
A centaur skeleton comes into view.
You are too injured to fight recklessly!
You are too injured to fight recklessly!
No path to travel!
You barely miss the ogre.
The ogre is severely wounded.
Your hound bites the ogre.
The crimson imp hits you.
The ogre hits you with a +0 giant spiked club!!
You die...
Your body rises from the dead as a mindless zombie.

.$. . .# .. ..
... #####.#
....##.....#
#.....[...##..
##.....hO......
.......@.%.#
.......5...#
.............#
.h.............
...............
.....#.........
.Z#####.#.>....
.# #.#......


You could see an ogre, a crimson imp, a jackal, a centaur skeleton and a
friendly hound.

Vanquished Creatures
  2 orc warriors
  2 centaurs
  An ogre (D:4)
  A big kobold (D:4)
  2 scorpions
  3 wights (D:6)
  A crimson imp (D:6)
  2 bullfrog zombies
  A bullfrog skeleton (D:5)
  A hound (D:4)
  A centaur skeleton (D:4)
  An orc priest (D:6)
  An iguana (D:6)
  2 orc wizards
  A worker ant (D:6)
  A hound zombie (D:6)
  4 gnolls (D:2)
  3 adders (D:5)
  A shadow imp (D:5)
  2 adder zombies
  4 worms
  A dart slug (D:1)
  2 leopard geckos
  19 orcs
  8 bats
  6 giant cockroaches
  4 goblins
  7 hobgoblins
  4 jackals
  4 kobolds
  3 quokkas
  A ball python (D:1)
  3 frilled lizards
  A jackal zombie (D:5)
  5 rats
105 creatures vanquished.

Vanquished Creatures (collateral kills)
  A hippogriff (D:6)
  An ice beast (D:5)
  A phantom (D:3)
  A sky beast (D:5)
  An ogre (D:5)
  A bullfrog (D:6)
  A wight (D:6)
  A jelly (D:5)
  A bullfrog skeleton (D:4)
  2 orc priests (D:6)
  3 orc wizards (D:6)
  An iguana (D:5)
  A hound skeleton (D:6)
  An adder skeleton (D:4)
  2 worms (D:5)
  4 orcs
  3 bats
  A giant cockroach (D:2)
  A hobgoblin (D:2)
  A ball python (D:1)
  2 kobolds
  A rat (D:1)
32 creatures vanquished.

Vanquished Creatures (others)
  2 lurking horrors (D:5)
2 creatures vanquished.

Grand Total: 139 creatures vanquished

Notes
Turn   | Place    | Note
-------+----------+-------------------------------------------
     0 | D:1      | Morbidden the Troll Summoner began the quest for the Orb.
     0 | D:1      | Reached XP level 1. HP: 16/16 MP: 2/2
   226 | D:1      | Reached XP level 2. HP: 20/24 MP: 1/3
  1013 | D:2      | Reached XP level 3. HP: 19/32 MP: 1/4
  1509 | D:2      | Learned a level 2 spell: Call Imp
  1736 | D:2      | Found a sacrificial altar of Ru.
  2033 | D:2      | Reached skill level 1 in Unarmed Combat
  2502 | D:3      | Found a corrupted altar of Lugonu.
  2572 | D:2      | Gained mutation: Your natural rate of healing is unusually
                  | fast. [Troll growth]
  2572 | D:2      | Reached XP level 4. HP: 21/40 MP: 0/6
  2574 | D:2      | Reached skill level 1 in Fighting
  2884 | D:3      | Noticed a phantom
  2909 | D:3      | Killed a phantom
  2910 | D:3      | Reached XP level 5. HP: 41/48 MP: 2/7
  3218 | D:4      | Found Lont's Magic Scroll Boutique.
  3355 | D:4      | Noticed an ogre
  3377 | D:4      | Killed an ogre
  3447 | D:4      | Reached XP level 6. HP: 24/55 MP: 1/9
  3458 | D:4      | Learned a level 3 spell: Call Canine Familiar
  4034 | D:5      | Entered Level 5 of the Dungeon
  4130 | D:5      | Noticed an ice beast
  4147 | D:5      | Killed an ice beast
  4295 | D:5      | Reached XP level 7. HP: 50/63 MP: 2/11
  4678 | D:5      | Found an ornate altar of the Wu Jian Council.
  5045 | D:5      | Found a corrupted altar of Lugonu.
  5051 | D:5      | Found a one-way gate to the infinite horrors of the Abyss.
  5454 | D:6      | Reached XP level 8. HP: 72/72 MP: 13/13
  5478 | D:6      | Found a glowing silver altar of Zin.
  5756 | D:6      | Found a staircase to the Ecumenical Temple.
  5839 | D:6      | Reached skill level 5 in Summonings
  6025 | Temple   | Entered the Ecumenical Temple
  6142 | Temple   | Became a worshipper of Yredelemnul the Dark
  6379 | D:6      | Reached skill level 5 in Spellcasting
  6490 | D:6      | Noticed a hippogriff
  6503 | D:6      | Killed a hippogriff
  6879 | D:7      | Slain by an ogre

Skill      XL: |  1  2  3  4  5  6  7  8 |
---------------+-------------------------+-----
Summonings     | 3 4 5 |  5.3
Spellcasting   | 2 3 4 5 |  5.2
Unarmed Combat | 1 2 3 4 |  4.2
Fighting       | 1 2 |  2.8
Dodging        | 2 |  2.4
Stealth        | |  1.5
Invocations    | |  0.7

Action                   |  1- 3 |  4- 6 |  7- 9 || total
-------------------------+-------+-------+-------++-------
Melee: Unarmed           |   125 |    99 |   147 ||   371
       Punch             |     1 |     4 |     2 ||     7
 Cast: Summon Small Mamm |    65 |    34 |    19 ||   118
       Call Imp          |       |    23 |    48 ||    71
       Call Canine Famil |       |     8 |    22 ||    30
  Use: Scroll            |     1 |     2 |       ||     3
 Stab: Sleeping          |     3 |       |     6 ||     9
       Distracted        |     2 |     2 |     1 ||     5
  Eat: Chunk             |    25 |    15 |    27 ||    67
Armor: Skin              |    62 |    38 |    53 ||   153
Dodge: Dodged            |   106 |    80 |   112 ||   298
